Cogmind - Beta 15 @@@ ROGUE MODE // 2025.10.19 @ 15:03:37 Player: beans Result: Destroyed by B-48 Gladiator with Mace Performance ------------- Evolutions (3) 1500 Regions Visited (10) 2000 Robots Destroyed (104) 520 Value Destroyed (2924) 2924 Prototype IDs (35) 700 Alien Tech Used (0) 0 Bonus (609) 609 TOTAL SCORE: 8253 Bonus ------- Follower Combat Kills 73 Aligned with FarCom 300 Met Data Miner 300 Friendly Fire -64 Cogmind --------- Core Integrity 0/700 Matter 202/300 Energy 49/150 System Corruption 10% Temperature Warm (162) Movement Walking (200) Ox1 Location -6/Proximity Caves Parts ------- > --- POWER (1) -------- Light Angular Momentum Engine > --- PROPULSION (5) --- Titanium Leg > --- UTILITY (4) ------ Medium Storage Unit Makeshift Salvage Targeting Computer > --- WEAPON (3) ------- KE Penetrator Proton Missile Launcher > --- INVENTORY (10) --- Micro Nuclear Core Makeshift Power Source Neutrino Core Xenon Bombardment Thruster Advanced Heat Sink 0b10 Alert Chip Assault Cannon Rocket Launcher Plasma Cutter Peak State ------------ > --- POWER ------------ Micro Nuclear Core > --- PROPULSION ------- Improved Carbon-fiber Leg Improved Carbon-fiber Leg Improved Carbon-fiber Leg Improved Carbon-fiber Leg Improved Carbon-fiber Leg > --- UTILITY ---------- Improved Heat Sink Medium Storage Unit Machine Analyzer Salvage Targeting Computer > --- WEAPON ----------- Shock Rifle Shock Rifle Assault Cannon > --- INVENTORY -------- Heat Sink 0b10 Alert Chip Heavy EM Shotgun Heavy EM Shotgun Beam Rifle Spread Laser Proton Missile Launcher Grenade Launcher Rocket Launcher Plasma Cutter [Rating: 44] Favorites ----------- Power Ion Engine Engine Ion Engine Power Core Micro Nuclear Core Propulsion Improved Carbon-fiber Leg Treads Light Treads Leg Improved Carbon-fiber Leg Flight Unit Xenon Bombardment Thruster Utility Medium Storage Unit Device Improved Heat Sink Storage Medium Storage Unit Processor Machine Analyzer Weapon Spread Laser Energy Gun Spread Laser Energy Cannon Heavy Ion Cannon Ballistic Gun Shotgun Ballistic Cannon Assault Cannon Launcher Proton Missile Launcher Build | -11 -10 -10 -10 -9 -8 -7 -7 -7 -7 -6 ------- Run | Yrd Mat Min Exi Min Mat Fac Low Low Dat Pro Slots Evolved 6 | . . . . . 4 2 . . . . Power . | . . . . . . . . . . . Propulsion 3 | . . . . . 2 1 . . . . Utility 2 | . . . . . 2 . . . . . Weapon 1 | . . . . . . 1 . . . . Parts Attached 68 | 5 6 . . . 24 19 4 4 . 6 Power 8 | 1 . . . . 3 2 1 . . 1 Engine 4 | 1 . . . . 1 . 1 . . 1 Core 4 | . . . . . 2 2 . . . . Reactor . | . . . . . . . . . . . Propulsion 19 | 2 . . . . 6 5 2 . . 4 Treads 5 | 2 . . . . 3 . . . . . Leg 11 | . . . . . 3 5 2 . . 1 Wheel . | . . . . . . . . . . . Hover . | . . . . . . . . . . . Flight 3 | . . . . . . . . . . 3 Utility 13 | . 3 . . . 5 2 1 2 . . Device 8 | . 2 . . . 3 1 . 2 . . Storage 1 | . 1 . . . . . . . . . Processor 4 | . . . . . 2 1 1 . . . Hackware . | . . . . . . . . . . . Protection . | . . . . . . . . . . . Artifact . | . . . . . . . . . . . Weapon 28 | 2 3 . . . 10 10 . 2 . 1 Energy Gun 17 | 2 3 . . . 6 5 . 1 . . Energy Cannon 5 | . . . . . 1 3 . 1 . . Ballistic Gun 3 | . . . . . 2 . . . . 1 Ballistic Cannon 1 | . . . . . 1 . . . . . Launcher 2 | . . . . . . 2 . . . . Special Weapon . | . . . . . . . . . . . Impact Weapon . | . . . . . . . . . . . Slashing Weapon . | . . . . . . . . . . . Piercing Weapon . | . . . . . . . . . . . Special Melee Weapon . | . . . . . . . . . . . Unidentified Prototypes 2 | . . . . . 2 . . . . . Parts Lost 36 | . . . . 2 14 7 1 3 . 9 Power 3 | . . . . 1 1 1 . . . . Propulsion 15 | . . . . 1 5 3 1 1 . 4 Utility 6 | . . . . . 3 1 . . . 2 Weapon 12 | . . . . . 5 2 . 2 . 3 Highest Loss Streak 6 | . . . . 1 4 4 1 2 . 6 To Critical Strikes 2 | . . . . . . . . . . 2 Average Backups 8 | . 5 8 8 9 8 8 10 9 10 9 Power . | . . . . . . . . 1 1 1 Propulsion 1 | . . . . . . 2 3 3 4 3 Utility 1 | . . 1 1 3 2 1 1 1 1 1 Weapon 4 | . 5 7 7 6 6 4 4 3 3 2 Tool/Special . | . . . . . . . . . . . Unused Backups 6 | . . 1 . . . 2 . . . 3 Power 1 | . . . . . . . . . . 1 Propulsion 1 | . . . . . . 1 . . . . Utility 1 | . . . . . . . . . . 1 Weapon 2 | . . 1 . . . 1 . . . . Tool/Special 1 | . . . . . . . . . . 1 Average Slot Usage (%) 76 | . 93 100 100 82 71 75 61 72 57 72 Engine 5 | . 14 14 14 10 2 . . 7 7 7 Core 2 | . . . . . 5 3 6 . . . Treads 7 | . 28 28 28 15 6 1 . . . . Leg 11 | . . . . . 7 22 15 15 15 10 Device 9 | . 10 14 14 14 11 6 7 9 15 12 Storage 8 | . 11 14 14 14 9 7 7 7 7 7 Processor 9 | . . . . . 11 15 15 12 7 7 Energy Gun 14 | . 28 28 28 28 16 10 . 7 1 5 Energy Cannon 3 | . . . . . . 1 7 9 2 12 Peak Build Rating 44 | 5 12 12 13 12 27 44 37 38 38 38 Average Rating 25 | 3 9 12 12 11 19 34 31 35 28 36 On Entrance 20 | . 5 12 12 13 11 27 31 37 38 38 Naked Turns . | . . . . . . . . . . . Heaviest Build 35 | 9 22 22 22 22 27 30 25 35 35 35 Greatest Support 90 | 40 40 40 40 40 44 90 51 51 33 33 Greatest Overweight (x) 8 | . . . . 1 8 1 7 1 1 2 Average Overweight (x) . | . . . . . . . . . . 1 Largest Inventory Capacity 10 | 5 10 10 10 10 10 10 10 10 10 10 Average Capacity 9 | 5 9 10 10 10 10 10 10 10 10 10 Most Carried 10 | 4 8 8 10 10 10 10 10 10 10 10 Average Carried 8 | . 5 8 8 9 8 8 9 9 10 9 Final Capacity 10 | 5 10 10 10 10 10 10 10 10 10 10 Final Carried 10 | . 8 8 10 10 8 10 10 10 10 9 Class Distribution -------------------- 64% | Mutant 9% | Derelict-Mutant 7% | Scavenger-Mutant 7% | Derelict-Gunner 5% | Scavenger-Skirmisher 3% | Skirmisher Dominant Class ---------------- Mutant | -10/Materials Mutant | -10/Mines Mutant | -10/Exiles Mutant | -9/Mines Mutant | -8/Materials Mutant | -7/Factory Mutant | -7/Lower Caves Derelict-Mutant | -7/Lower Caves Derelict-Mutant | -7/Data Miner Derelict-Gunner | -6/Proximity Caves Resources | -11 -10 -10 -10 -9 -8 -7 -7 -7 -7 -6 ----------- Run | Yrd Mat Min Exi Min Mat Fac Low Low Dat Pro Matter Collected 1214 | 99 217 . . 11 373 335 74 45 . 60 Remotely . | . . . . . . . . . . . Salvage Created 3792 | . 470 . . 134 1744 615 255 120 . 454 Parts 204 | . 38 . . 15 88 33 5 6 . 19 Haulers Intercepted 7 | . 2 . . . 4 1 . . . . Recyclers Shooed 3 | . 1 . . . 1 1 . . . . Parts Field Recycled . | . . . . . . . . . . . Retrieved Matter . | . . . . . . . . . . . Parts Self-Destructed 21 | . . . . . . . 4 4 . 13 Prevented 12 | . . . . . . . 6 6 . . Kills | -11 -10 -10 -10 -9 -8 -7 -7 -7 -7 -6 ------- Run | Yrd Mat Min Exi Min Mat Fac Low Low Dat Pro Combat Hostiles Destroyed 68 | . 10 . . 6 24 15 4 2 . 7 Guns 47 | . 10 . . 6 21 7 . . . 3 Cannons 12 | . . . . . . 3 4 2 . 3 AOE 5 | . . . . . 1 4 . . . . Classes Destroyed 16 | . 8 . . 1 3 1 2 . . 1 Worker 10 | . 2 . . . 8 . . . . . Builder 7 | . 2 . . . 5 . . . . . Tunneler 2 | . 1 . . 1 . . . . . . Hauler 7 | . 2 . . . 4 1 . . . . Recycler 3 | . 1 . . . 2 . . . . . Minesweeper 1 | . . . . . . . 1 . . . Mechanic 1 | . . . . . . . . . . 1 Operator 1 | . . . . . 1 . . . . . Watcher 4 | . 2 . . . 1 1 . . . . Swarmer 24 | . 6 . . 4 7 3 2 . . 2 Grunt 27 | . 4 . . . 11 5 2 1 . 4 Brawler 1 | . . . . . 1 . . . . . Sentry 8 | . . . . 2 4 1 . . . 1 Hunter 3 | . . . . . 1 1 . 1 . . Programmer 5 | . . . . . . 5 . . . . Decomposer 1 | . . . . . . . 1 . . . Samaritan 1 | . . . . . . . 1 . . . Best Kill Streak 8 | . 7 . . 4 8 6 2 1 . 4 Combat Bots Only 7 | . 5 . . 4 7 6 2 1 . 3 Max Kills in Single Turn 4 | . 2 . . 2 4 1 1 1 . 1 Gunslinging 1 | . . . . . 1 . . . . . Exploded 1 | . . . . . 1 1 . . . . Melee . | . . . . . . . . . . . Uniques/NPCs Destroyed . | . . . . . . . . . . . Combat | -11 -10 -10 -10 -9 -8 -7 -7 -7 -7 -6 -------- Run | Yrd Mat Min Exi Min Mat Fac Low Low Dat Pro Hostile Shots Fired 374 | . 43 . . 27 111 96 24 13 . 60 Missed 95 | . 13 . . 5 27 30 6 3 . 11 Hits 279 | . 30 . . 22 84 66 18 10 . 49 Melee 4 | . . . . . . . . . . 4 Projectile 275 | . 30 . . 22 84 66 18 10 . 45 Critical Strikes 14 | . . . . 2 3 4 1 . . 4 Damage Taken 4963 | . 309 . . 277 1464 1370 275 209 . 1059 Core 1166 | . 98 . . 57 303 280 76 36 . 316 Absorbed by Shields . | . . . . . . . . . . . Core Remaining (%) 60 | 100 . . . 38 44 . . . . . Volleys Fired 264 | . 35 . . 8 101 52 22 23 . 23 Largest 3 | . 2 . . 2 2 3 1 2 . 3 Hottest 208 | . 130 . . 130 130 189 69 132 . 208 Shots Fired 494 | . 67 . . 16 194 110 22 36 . 49 Gun 399 | . 67 . . 16 193 80 . 23 . 20 Cannon 89 | . . . . . 1 26 22 13 . 27 Launcher 6 | . . . . . . 4 . . . 2 Special . | . . . . . . . . . . . Kinetic 50 | . . . . . 23 12 . . . 15 Thermal 286 | . 67 . . 16 85 61 . 25 . 32 Explosive 3 | . . . . . . 3 . . . . Electromagnetic 155 | . . . . . 86 34 22 11 . 2 Robot Hit Streak 17 | . 12 . . 5 12 8 4 5 . 17 Robot Miss Streak 8 | . 5 . . 8 6 5 1 4 . 4 Penetration Max 1 | . . . . . . . . . . 1 Secondary Targets 12 | . 3 . . 1 5 3 . . . . Max Gunslinging Chain 1 | . 1 . . 1 1 1 . . . . Shots Hit Robots 323 | . 50 . . 13 137 61 15 12 . 35 Core Hits 242 | . 61 . . 24 96 33 8 4 . 16 Critical Kills . | . . . . . . . . . . . Critical Parts Destroyed 1 | . . . . . . . . . . 1 Critical Strikes 9 | . 3 . . . 3 2 . . . 1 Burn 7 | . 3 . . . 3 1 . . . . Destroy 1 | . . . . . . . . . . 1 Corrupt 1 | . . . . . . 1 . . . . Melee Attacks . | . . . . . . . . . . . Impact . | . . . . . . . . . . . Slashing . | . . . . . . . . . . . Piercing . | . . . . . . . . . . . Sneak Attacks . | . . . . . . . . . . . Combat Hostiles . | . . . . . . . . . . . Follow-up Attacks . | . . . . . . . . . . . Damage Inflicted 7722 | . 745 . . 190 3007 1889 443 249 . 1199 Guns 4803 | . 745 . . 182 2428 845 . 163 . 440 Cannons 1392 | . . . . . . 358 410 86 . 538 Explosions 1519 | . . . . . 579 686 33 . . 221 Melee . | . . . . . . . . . . . Ramming 8 | . . . . 8 . . . . . . Kinetic 811 | . . . . . 241 180 . . . 390 Thermal 4024 | . 745 . . 182 1406 914 33 156 . 588 Explosive 429 | . . . . . . 429 . . . . Electromagnetic 2450 | . . . . . 1360 366 410 93 . 221 Impact . | . . . . . . . . . . . Slashing . | . . . . . . . . . . . Piercing . | . . . . . . . . . . . Highest Corruption 8 | . 1 1 1 1 . 2 2 2 2 8 Average Corruption 1 | . 1 1 1 1 . 1 2 2 2 2 Corruption Purged . | . . . . . . . . . . . Corruption Blocked . | . . . . . . . . . . . Effects 50 | . 6 1 2 2 . 10 10 7 3 9 Message Errors 14 | . 4 . . . . 4 1 1 1 3 Matter Fused 13 | . 1 . 1 1 . 4 3 2 . 1 Heat Flow Errors 3 | . 1 . . . . 1 1 . . . Energy Discharges 9 | . . 1 1 1 . 1 . 2 1 2 Data Loss (minor) 4 | . . . . . . . 2 . 1 1 Data Loss (major) 4 | . . . . . . . 1 1 . 2 Misfires 2 | . . . . . . . 1 1 . . Weapon Failures 1 | . . . . . . . 1 . . . Overload Shots . | . . . . . . . . . . . Overflow Damage 336 | . . . . . 86 221 16 . . 13 Projectiles 37 | . . . . . . 14 16 . . 7 Explosions 299 | . . . . . 86 207 . . . 6 Melee . | . . . . . . . . . . . Knockbacks 1 | . . . . . . 1 . . . . Impact . | . . . . . . . . . . . Kinetic 1 | . . . . . . 1 . . . . Secondary . | . . . . . . . . . . . Self-Inflicted Damage 731 | . . . . . 288 397 . . . 46 Shots 13 | . . . . . 7 4 . . . 2 Rammed 1 | . . . . 1 . . . . . . Targets Rammed 1 | . . . . 1 . . . . . . Kicked . | . . . . . . . . . . . Crushed . | . . . . . . . . . . . Highest Temperature 408 | . 292 . . 135 408 206 152 245 . 353 Average Temperature 77 | . 82 . . 53 52 79 33 83 . 199 Received Heat Transfer 1284 | . 114 . . 99 522 117 45 36 . 351 Effects 1 | . 1 . . . . . . . . . Energy Bleed 1 | . 1 . . . . . . . . . Siege Activations . | . . . . . . . . . . . Martial Activations . | . . . . . . . . . . . Shielding Activations . | . . . . . . . . . . . Robots Disrupted . | . . . . . . . . . . . Combat Hostiles . | . . . . . . . . . . . Robots Corrupted 1 | . . . . . 1 . . . . . Combat Hostiles 1 | . . . . . 1 . . . . . Parts Fried 11 | . . . . . 5 . 6 . . . Impact Corruptions . | . . . . . . . . . . . Robots Melted 3 | . . . . . 1 1 . . . 1 Combat Hostiles 3 | . . . . . 1 1 . . . 1 Parts Melted 13 | . 1 . . . 4 6 . . . 2 Heat Transferred 6853 | . 1476 . . 225 2490 1489 . 296 . 877 Parts Sabotaged . | . . . . . . . . . . . Parts Stolen . | . . . . . . . . . . . Parts Stripped . | . . . . . . . . . . . Power Chain Reactions 10 | . . . . . 9 . 1 . . . Alert | -11 -10 -10 -10 -9 -8 -7 -7 -7 -7 -6 ------- Run | Yrd Mat Min Exi Min Mat Fac Low Low Dat Pro Maximum Alert Level 1 | . . . . . 1 1 . . . . Low Security (%) 77 | 100 100 100 . 100 51 81 . . . . Level 1 22 | . . . . . 48 18 . . . . Level 2 . | . . . . . . . . . . . Level 3 . | . . . . . . . . . . . Level 4 . | . . . . . . . . . . . Level 5 . | . . . . . . . . . . . High Security . | . . . . . . . . . . . Max Security . | . . . . . . . . . . . Peak Influence 324 | . 154 5 . 80 324 254 . . . . Initial 133 | . . 5 . . 8 133 . . . . Average 111 | . 65 1 . 17 172 114 . . . . Influence Increases 2394 | . 298 . . 135 853 708 95 50 . 255 Destroy 0b10 Robot/C 1400 | . 200 . . 120 480 300 80 40 . 180 Destroy 0b10 Robot/NC 180 | . 50 . . 5 105 10 5 . . 5 Destroy Leader 292 | . 48 . . 10 120 94 10 10 . . Allied During Kill 25 | . . . . . . . . . . 25 Successful Hack 6 | . . . . . . 6 . . . . Disable Machine 300 | . . . . . 30 270 . . . . Destroy Structure 56 | . . . . . 28 28 . . . . Lose Combat Pursuer 135 | . . . . . 90 . . . . 45 Influence Decreases 2289 | . 284 14 . 113 580 765 333 50 . 150 Entered New Map 274 | . . 9 . . 14 162 89 . . . Time Decay 1695 | . 284 5 . 103 426 533 244 50 . 50 Lost Part 300 | . . . . 10 140 70 . . . 80 Lost Ally 20 | . . . . . . . . . . 20 Squads Dispatched 16 | . 1 . . . 4 10 . . . 1 Investigation 3 | . 1 . . . 1 1 . . . . Extermination 3 | . . . . . . 3 . . . . Reinforcement 6 | . . . . . 3 3 . . . . Assault 1 | . . . . . . . . . . 1 Garrison 3 | . . . . . . 3 . . . . Intercept . | . . . . . . . . . . . Searches Triggered . | . . . . . . . . . . . Construction Impeded 3 | . . . . . 2 1 . . . . Haulers Reinforced . | . . . . . . . . . . . Active Scanning Responses . | . . . . . . . . . . . Cargo Convoy Interrupts 1 | . . . . . . 1 . . . . Stealth | -11 -10 -10 -10 -9 -8 -7 -7 -7 -7 -6 --------- Run | Yrd Mat Min Exi Min Mat Fac Low Low Dat Pro Distress Signals 5 | . 1 . . . 4 . . . . . Communications Jammed . | . . . . . . . . . . . Distress Signals . | . . . . . . . . . . . Times Spotted 113 | . 14 . . 6 40 30 5 2 . 16 Peak Tracking Total 12 | . 4 . . 4 8 12 3 1 . 9 Tactical Retreats 5 | . . . . . 3 . . . . 2 Traps | -11 -10 -10 -10 -9 -8 -7 -7 -7 -7 -6 ------- Run | Yrd Mat Min Exi Min Mat Fac Low Low Dat Pro Traps Triggered 7 | . 2 . . . 3 1 . 1 . . Indirectly . | . . . . . . . . . . . Trap Hack Attempts . | . . . . . . . . . . . Triggered . | . . . . . . . . . . . Disarmed . | . . . . . . . . . . . Reprogrammed . | . . . . . . . . . . . Reused . | . . . . . . . . . . . Traps Extracted . | . . . . . . . . . . . Installed 3 | . . . . . . . . 3 . . Triggered . | . . . . . . . . . . . Machines | -11 -10 -10 -10 -9 -8 -7 -7 -7 -7 -6 ---------- Run | Yrd Mat Min Exi Min Mat Fac Low Low Dat Pro Machines Disabled 20 | . . . . . 2 18 . . . . Max in Single Turn 12 | . . . . . 1 12 . . . . Machines Repaired . | . . . . . . . . . . . Machines Dismantled . | . . . . . . . . . . . Machines Sabotaged . | . . . . . . . . . . . Overloaded Fab Kills . | . . . . . . . . . . . Hacking | -11 -10 -10 -10 -9 -8 -7 -7 -7 -7 -6 --------- Run | Yrd Mat Min Exi Min Mat Fac Low Low Dat Pro Machines Accessed 9 | . . . 1 . 1 3 . . 4 . Terminals 1 | . . . . . . 1 . . . . Fabricators 2 | . . . . . . 2 . . . . Repair Stations . | . . . . . . . . . . . Recycling Units . | . . . . . . . . . . . Scanalyzers 1 | . . . . . 1 . . . . . Garrison Access . | . . . . . . . . . . . Total Hacks 38 | . . . 1 . 3 6 . . 28 . Successful 33 | . . . 1 . 2 2 . . 28 . Failed 5 | . . . . . 1 4 . . . . Catastrophic 1 | . . . . . . 1 . . . . Database Lockouts . | . . . . . . . . . . . Manual 1 | . . . 1 . . . . . . . Terminals 4 | . . . . . . 4 . . . . Fabricators 2 | . . . . . . 2 . . . . Repair Stations . | . . . . . . . . . . . Recycling Units . | . . . . . . . . . . . Scanalyzers 3 | . . . . . 3 . . . . . Garrison Access . | . . . . . . . . . . . Terminal Hacks 29 | . . . 1 . . . . . 28 . Record 11 | . . . . . . . . . 11 . Part Schematic 10 | . . . . . . . . . 10 . Robot Schematic 4 | . . . . . . . . . 4 . Prototype ID Bank 3 | . . . . . . . . . 3 . Proto ID Catalog 1 | . . . 1 . . . . . . . Fabricator Hacks 2 | . . . . . . 2 . . . . Network Status 1 | . . . . . . 1 . . . . Build 1 | . . . . . . 1 . . . . Repair Station Hacks . | . . . . . . . . . . . Recycling Unit Hacks . | . . . . . . . . . . . Scanalyzer 2 | . . . . . 2 . . . . . Insert Component 2 | . . . . . 2 . . . . . Garrison Access Hacks . | . . . . . . . . . . . Unauthorized Hacks . | . . . . . . . . . . . Terminals . | . . . . . . . . . . . Fabricators . | . . . . . . . . . . . Repair Stations . | . . . . . . . . . . . Recycling Units . | . . . . . . . . . . . Scanalyzers . | . . . . . . . . . . . Garrison Access . | . . . . . . . . . . . Data Cores Recovered . | . . . . . . . . . . . Used . | . . . . . . . . . . . Hacking Detections 3 | . . . . . 1 2 . . . . Full Trace Events 1 | . . . . . . 1 . . . . Feedback Events . | . . . . . . . . . . . Feedback Blocked . | . . . . . . . . . . . Robot Schematics Acquired 4 | . . . . . . . . . 4 . Robots Built . | . . . . . . . . . . . Authchips . | . . . . . . . . . . . Time 134 | . . . . . . 134 . . . . Total Robot Build Rating . | . . . . . . . . . . . Part Schematics Acquired 10 | . . . . . . . . . 10 . Parts Built . | . . . . . . . . . . . Authchips . | . . . . . . . . . . . Time . | . . . . . . . . . . . Total Part Build Rating . | . . . . . . . . . . . Parts Repaired . | . . . . . . . . . . . Time . | . . . . . . . . . . . Parts Recycled . | . . . . . . . . . . . Recycled Matter . | . . . . . . . . . . . Retrieved Matter . | . . . . . . . . . . . Retrieved Components . | . . . . . . . . . . . Parts Scanalyzed . | . . . . . . . . . . . Part Schematics Acquired . | . . . . . . . . . . . Parts Damaged . | . . . . . . . . . . . Bothacking | -11 -10 -10 -10 -9 -8 -7 -7 -7 -7 -6 ------------ Run | Yrd Mat Min Exi Min Mat Fac Low Low Dat Pro Used RIF Installer . | . . . . . . . . . . . Robots Hacked . | . . . . . . . . . . . Non-combat . | . . . . . . . . . . . Combat . | . . . . . . . . . . . Robot Hacks Applied . | . . . . . . . . . . . Relay Couplers Released . | . . . . . . . . . . . Fabnet Peak Effective % . | . . . . . . . . . . . Robots Rewired . | . . . . . . . . . . . Allies Hacked . | . . . . . . . . . . . Hacks Repelled . | . . . . . . . . . . . Allies | -11 -10 -10 -10 -9 -8 -7 -7 -7 -7 -6 -------- Run | Yrd Mat Min Exi Min Mat Fac Low Low Dat Pro Total Allies 1 | . . . . . . . . . . 1 Largest Group 1 | . . . . . . . . . . 1 Highest-Rated Group 96 | . . . . . . . . . . 96 Highest-Rated Ally 96 | . . . . . . . . . . 96 Total Orders . | . . . . . . . . . . . Ally Attacks 15 | . . . . . . . . . . 15 Total Damage 316 | . . . . . . . . . . 316 Kills 2 | . . . . . . . . . . 2 Allies Corrupted . | . . . . . . . . . . . Allies Melted . | . . . . . . . . . . . Intel | -11 -10 -10 -10 -9 -8 -7 -7 -7 -7 -6 ------- Run | Yrd Mat Min Exi Min Mat Fac Low Low Dat Pro Active Infowar (turns) 3470 | . . . . . 611 1587 680 592 . . Machine Analysis 3470 | . . . . . 611 1587 680 592 . . Robot Analysis Total . | . . . . . . . . . . . Derelict Logs Recovered 6 | . . . . 2 . . 2 2 . . Drone Launches . | . . . . . . . . . . . Drone Recoveries . | . . . . . . . . . . . Exploration | -11 -10 -10 -10 -9 -8 -7 -7 -7 -7 -6 ------------- Run | Yrd Mat Min Exi Min Mat Fac Low Low Dat Pro Turns Passed 6669 | 50 821 69 337 418 1425 1587 680 878 119 285 Spaces Moved 3404 | 36 432 39 210 184 479 883 349 588 92 112 Core 50 | 15 . . . . 33 . 2 . . . Treads 1190 | 21 432 39 210 184 230 74 . . . . Legs 2150 | . . . . . 216 809 347 588 92 98 Wheels . | . . . . . . . . . . . Hover . | . . . . . . . . . . . Flight 14 | . . . . . . . . . . 14 Fastest Speed 50 | 50 160 160 160 160 120 120 120 120 120 114 Average Speed 154 | 114 160 160 160 198 186 127 176 137 124 184 Slowest Speed 450 | 160 160 160 160 240 450 190 400 190 190 197 Overloaded Moves . | . . . . . . . . . . . Propulsion Burnouts . | . . . . . . . . . . . Robots Hopped . | . . . . . . . . . . . Potential Cave-ins 4 | . . . . . . . . 4 . . Cave-ins Triggered . | . . . . . . . . . . . Exploration Rate (%) 42 | 3 65 11 42 47 45 18 52 89 73 22 Regions Visited 10 Branch Regions 7 Pre-discovered Areas 2 | . . . . 1 . . . . 1 . Known Exits Taken . | . . . . . . . . . . . Unknown Exits Taken 10 | 1 1 1 1 1 1 1 1 1 1 . Scrap Searched 10 | . . . . 2 . . 3 5 . . Spaces Dug 4 | . . . . . . 1 . 3 . . Terrain Destroyed 62 | . . . . . 21 26 1 10 . 4 Melee . | . . . . . . . . . . . Projectile 17 | . . . . . . 3 . 10 . 4 AOE 45 | . . . . . 21 23 1 . . . Terrain Rammed . | . . . . . . . . . . . Walls Destroyed . | . . . . . . . . . . . Machines Disabled . | . . . . . . . . . . . Actions | -11 -10 -10 -10 -9 -8 -7 -7 -7 -7 -6 --------- Run | Yrd Mat Min Exi Min Mat Fac Low Low Dat Pro Total 4342 | 45 493 46 211 220 813 1255 391 621 97 150 Wait 506 | . 10 6 . 24 181 269 13 . . 3 Move 3394 | 35 431 38 209 183 478 882 348 587 91 112 Hop . | . . . . . . . . . . . Pick Up 55 | 5 10 1 2 2 16 13 1 1 . 4 Fast Attach 27 | . 1 . . . 7 9 3 4 3 . Attach 36 | 5 1 . . . 17 5 1 1 . 6 Detach 4 | . . . . . 1 2 . . . 1 Swap 22 | . 4 . . . 7 9 1 . . 1 Drop 30 | . 1 1 . 2 5 14 2 2 3 . Fire 264 | . 35 . . 8 101 52 22 23 . 23 Melee . | . . . . . . . . . . . Ram . | . . . . . . . . . . . Kick . | . . . . . . . . . . . Crush 1 | . . . . 1 . . . . . . Escape Stasis . | . . . . . . . . . . . Rewire . | . . . . . . . . . . . Trap 3 | . . . . . . . . 3 . . Miscellaneous . | . . . . . . . . . . . Route ------- -11/Scrapyard -10/Materials (discovered 3 exits: [*Mat x2] / [*Min]) -10/Mines -10/Exiles -9/Mines -8/Materials (discovered 2 exits: *Fac x2) -7/Factory (discovered 2 exits: [*Fac] / [*Low]) -7/Lower Caves -7/Lower Caves (discovered 2 exits: [*Fac] / *Dat) -7/Data Miner -6/Proximity Caves History --------- Turn | Location | Event 3 | -11/Scrapyard | Discovered new exit (range 15) 51 | -11/Scrapyard | Entered Materials 311 | -10/Materials | Build established: Mutant 346 | -10/Materials | Discovered new exit (range 8) 499 | -10/Materials | Discovered new exit (range 5) 861 | -10/Materials | Discovered new exit (range 7) 872 | -10/Materials | Entered Mines 879 | -10/Mines | Received a Rocket Launcher from a helpful Derelict 892 | -10/Mines | Assembled infested the area 934 | -10/Mines | Deemed a non-threat by the Exiles lab entrance 934 | -10/Mines | Discovered new exit (range 5) 941 | -10/Mines | Entered Exiles 980 | -10/Exiles | Met 8R-AWN 1007 | -10/Exiles | Met EX-HEX 1050 | -10/Exiles | Met EX-BIN 1073 | -10/Exiles | Aligned with FarCom system 1074 | -10/Exiles | Given EX-Vault access code 1113 | -10/Exiles | Opened EX-Vault 1124 | -10/Exiles | Found 0b10 Alert Chip 1154 | -10/Exiles | Warned to stay clear of 0b10 Research branches 1260 | -10/Exiles | Discovered new exit (range 14) 1278 | -10/Exiles | Left Exiles lab with 0b10 Alert Chip 1278 | -10/Exiles | Entered Mines 1290 | -9/Mines | Core integrity fell below 50% 1410 | -9/Mines | Learned location of Storage (-9) 1513 | -9/Mines | Learned 2 Materials zone layouts 1685 | -9/Mines | Discovered new exit (range 5) 1696 | -9/Mines | Entered Materials 1696 | -8/Materials | Evolved 4 slots: Propulsion x2, Utility x2 2108 | -8/Materials | Destroyed 7 combat bots 2233 | -8/Materials | Lost 4 parts (1p2n1u) 2393 | -8/Materials | Discovered new exit (range 16) 2550 | -8/Materials | Build established: Scavenger-Mutant 2864 | -8/Materials | Core integrity fell below 50% 2877 | -8/Materials | Build established: Mutant 3105 | -8/Materials | Discovered new exit (range 11) 3121 | -8/Materials | Entered Factory 3121 | -7/Factory | Evolved 2 slots: Propulsion x1, Weapon x1 3300 | -7/Factory | Garrison activated, responded to threat 3474 | -7/Factory | Build established: Scavenger-Skirmisher 3559 | -7/Factory | Lost 4 parts (1p2n1w) 3826 | -7/Factory | Build established: Mutant 4633 | -7/Factory | Discovered new exit (range 15) 4637 | -7/Factory | Discovered new exit (range 5) 4697 | -7/Factory | Cargo convoy interrupted 4708 | -7/Factory | Entered Lower Caves 4830 | -7/Lower Caves | Encountered a Warlord checkpoint 5227 | -7/Lower Caves | Core integrity fell below 50% 5245 | -7/Lower Caves | Learned location of 1 exit from Factory 5252 | -7/Lower Caves | Discovered new exit (range 11) 5388 | -7/Lower Caves | Entered another Lower Caves area 5388 | -7/Lower Caves | Discovered new exit (range 8) 5590 | -7/Lower Caves | Build established: Derelict-Mutant 5672 | -7/Lower Caves | Encountered a Warlord checkpoint 5957 | -7/Lower Caves | Learned Factory emergency access door positions 5961 | -7/Lower Caves | Learned Factory machine intel 6240 | -7/Lower Caves | Discovered new exit (range 13) 6266 | -7/Lower Caves | Entered Data Miner 6266 | -7/Data Miner | Discovered new exit (range 6) 6271 | -7/Data Miner | Build established: Derelict-Gunner 6295 | -7/Data Miner | Met Data Miner 6317 | -7/Data Miner | Learned location of Section 7 (-3) 6317 | -7/Data Miner | Acquired the access code to Warlord's prototype stash 6337 | -7/Data Miner | Received God Mode back door access code from Data Miner 6385 | -7/Data Miner | Entered Proximity Caves 6570 | -6/Proximity Caves | Attracted the attention of an 0b10 outpost 6592 | -6/Proximity Caves | Escorted by Enhanced Grunt 6634 | -6/Proximity Caves | Core integrity fell below 20% 6651 | -6/Proximity Caves | Lost 6 parts (3n1u2w) 6670 | -6/Proximity Caves | Destroyed by B-48 Gladiator with Mace Last Messages --------------- C-30 ARC bursts open, deploying its payload. G-67 Veteran unfolds itself. B-48 Gladiator unfolds itself. G-50 Soldier unfolds itself. M-28 Smith unfolds itself. Xenon Bombardment Thruster destroyed. Slug penetrates G-67 Veteran. G-67 Veteran suffers critical hit (Destroy). Destroyed Adv. Heat Sink. Critical hit (Smash). Imp. Cooling System destroyed. System corrupted by crushing effect (+2). Critical hit (Burn: +37). System corrupted: Matter fused (-8). Slug penetrates G-67 Veteran. M-28 Smith destroyed. Destroyed Adv. Heat Sink. Critical hit (Burn: +37). Hvy. Ion Cannon destroyed. System corrupted by crushing effect (+2). Map ----- +----------------------------------------------------+ | ?????????????????????????????????????????????????? | | ?????????????????????????????????????????????????? | | ?????????????????????????????????????????????????? | | ?????????????????????????????????????????????????? | | ?????????????????????????????????????????????????? | | ?????????????????????????????????????????????????? | | ?????????????????????????????????????????????????? | | ?????????????????????????????????????????????????? | | ?????????????????????????????????????????????????? | | ##????????????####???????????????????????????????? | | ##??????????## ##??????###?????????????????????? | | ########?### ##????## ##????????????????????? | | ### #??### ##???????????????????? | | #### #???????????????????? | | #### ;# #???????????????????? | | #?# #; #???????????????????? | | # ## #; ###?????????????????? | | # ### ## #?????????????????? | | # #?## ### ### #?????????????????? | | # #??#### ##### %;#### ##?????????????????? | | # #?????# ## % %% ######??????????????????? | | # #?????# # #### % #???????????????????????? | | # #?????## ?#"""" ##??????????????????????? | | #??????## #" #??????????????????????? | | ???????## #l !gb#??????????????????????? | | ?????????# #b =%g@#??????????????????????? | | #??????????# #" #!%b##??????????????????????? | | #?????????????#""""# %#???????????????????????? | | ##??????????????####### !#???????????????????????? | | ?????????????????????? #???????????????????????? | | ?????????????????????#### ???????????????????????? | | ????????????????????????? ???????????????????????? | | ????????????????????????? ???????????????????????? | | ?????????????????????????#???????????????????????? | | ?????????????????????????????????????????????????? | | ?????????????????????????????????????????????????? | | ?????????????????????????????????????????????????? | | ?????????????????????????????????????????????????? | | ?????????????????????????????????????????????????? | | ?????????????????????????????????????????????????? | | ?????????????????????????????????????????????????? | | ?????????????????????????????????????????????????? | | ?????????????????????????????????????????????????? | | ?????????????????????????????????????????????????? | | ?????????????????????????????????????????????????? | | ?????????????????????????????????????????????????? | | ?????????????????????????????????????????????????? | | ?????????????????????????????????????????????????? | | ?????????????????????????????????????????????????? | | ?????????????????????????????????????????????????? | +----------------------------------------------------+ Best States ------------- Heat Dissipation 61 Coolant Potential 65 Energy Generation 18 Energy Capacity 265 Matter Stores 300 Matter Capacity 300 Sight Range 16 Terrain Scan Density 10 Weapon Cycling 15 Evasion (%) 55 Recoil Reduction 2 Salvage Targeting 4 Item Schematics ----------------- Combat Drone Bay | -7/Data Miner | Free Lgt. Regenerative Plating | -7/Data Miner | Free Cld. Cesium-ion Thruster | -7/Data Miner | Free Exp. Weapon Shielding | -7/Data Miner | Free Gui. EMP Blaster | -7/Data Miner | Free Antigrav System | -7/Data Miner | Free Lyr. Heavy Armor Plating | -7/Data Miner | Free Wave Gun | -7/Data Miner | Free Adv. Shield Generator | -7/Data Miner | Free Adv. Reaction Control System | -7/Data Miner | Free Robot Schematics ------------------ B-48 Gladiator | -7/Data Miner | Free A-15 Conveyor | -7/Data Miner | Free S-27 Virus | -7/Data Miner | Free Y-64 Sentinel | -7/Data Miner | Free Fabricated ------------ Nothing Repaired ---------- Nothing Alien Tech Used ----------------- None Achievements -------------- None Challenges ------------ None Game ------ Seed TrackerFactoryFalx Manual? 0 Play Time 00:42:11 Cumulative 192.6 hours Start 2025.10.19 @ 13:26:21 End 2025.10.19 @ 15:03:37 Sessions 1 Manual Loads 0 Difficulty Rogue Special Mode None Game No. 570 Rogue 569 Adventurer 1 Explorer 0 Win Type - Total 0 Types 0/0/0/0/0/0/0/0/0/0 Lore% 63 Gallery% 60 Achievement% 48 Wizard Run 0 Options --------- Layout 1 ASCII 0 Keyboard 0 Movement Mouse Keybinds 0 Fullscreen 1 Font 24/Smallcaps Map View 50x35 Zoom Use 0% Tactical HUD 0 Map Filters NONE Filters NONE Steam 1 RUN: 05c418f9-89d2-4575-b0fd-4f5b75bd7664